 Dungeon Crawl Stone Soup version 0.19.5 (webtiles) character file.

359 McKennaii the Magician (level 6, -13/32 HPs)
             Began as a Deep Elf Fire Elementalist on May 16, 2017.
             Killed by miscasting Fireball (28 damage)
             ... on level 4 of the Dungeon.
             The game lasted 00:13:39 (3313 turns).

McKennaii the Magician (Deep Elf Fire Elementalist) Turns: 3313, Time: 00:13:40

Health: -13/32     AC:  3    Str:  5    XL:     6   Next: 37%
Magic:  7/16       EV: 14    Int: 22    God:
Gold:   275        SH:  0    Dex: 15    Spells: 4 memorised, 5 levels left

rFire  . . .     SeeInvis +     (no weapon)
rCold  . . .     Gourm    .     a - +0 robe
rNeg   . . .     Faith    .     (no shield)
rPois  .         Spirit   .     (no helmet)
rElec  .         Reflect  .     n - +0 cloak
rCorr  .         Harm     .     (no gloves)
MR     .....                    (no boots)
Stlth  ++........               z - amulet of regeneration
                                y - ring of see invisible
                                g - +2 ring of slaying

@: very slightly contaminated
A: no striking features
a: no special abilities


You were on level 4 of the Dungeon.
You were not hungry.

You visited 1 branch of the dungeon, and saw 5 of its levels.

You collected 275 gold pieces.

Inventory:

Armour
 a - a +0 robe (worn)
 n - a +0 cloak (worn)
Jewellery
 g - a +2 ring of slaying (left hand)
 o - an uncursed ring of flight
 y - a ring of see invisible (right hand)
 z - an amulet of regeneration (around neck)
Wands
 k - a wand of iceblast (9/15)
 t - a wand of lightning (6/15)
Scrolls
 h - 2 scrolls of remove curse {unknown}
 i - a scroll of fog {unknown}
 j - a scroll of identify {unknown}
 l - 2 scrolls of magic mapping {unknown}
 m - 2 scrolls of random uselessness {unknown}
 s - 3 scrolls of teleportation {unknown}
 w - 2 scrolls of fear {unknown}
Potions
 e - a potion of lignification {unknown}
 f - a potion of flight {unknown}
 q - a potion of ambrosia {unknown}
 v - a potion of curing {unknown}
Books
 b - a book of Flames

   Spells                             Type                      Level
   a - Flame Tongue                   Conjuration/Fire             1
   b - Throw Flame                    Conjuration/Fire             2
   c - Conjure Flame                  Conjuration/Fire             3
   d - Inner Flame                    Hexes/Fire                   3
   e - Sticky Flame                   Conjuration/Fire             4
   f - Fireball                       Conjuration/Fire             5
 x - a book of Changes

   Spells                             Type                      Level
   a - Beastly Appendage              Transmutation                1
   b - Sticks to Snakes               Transmutation                2
   c - Spider Form                    Transmutation/Poison         3
   d - Ice Form                       Ice/Transmutation            4
   e - Blade Hands                    Transmutation                5
Comestibles
 c - 3 bread rations
 p - a royal jelly
 u - a meat ration


   Skills:
 + Level 3.4 Dodging
 + Level 3.0 Stealth
 + Level 5.5 Spellcasting
 + Level 3.2 Conjurations
 + Level 5.4 Fire Magic


You had 5 spell levels left.
You knew the following spells:

 Your Spells              Type           Power        Failure   Level  Hunger
a - Flame Tongue          Conj/Fire      ####.        1%          1    None
b - Throw Flame           Conj/Fire      ####..       2%          2    None
c - Conjure Flame         Conj/Fire      ####....     6%          3    ##.....
f - Fireball              Conj/Fire      ####......   50%         5    #####..


Dungeon Overview and Level Annotations

Branches:
Dungeon (5/15)
 Temple: D:4-7

Altars:
Cheibriados
Kikubaaqudgha
Okawaru

Annotations:
D:2 Sigmund


Message History

The centaur shoots an arrow.
The arrow hits you!
Ouch! That really hurt!
Casting: Flame Tongue
Confirm with . or Enter, or press ? or * to list all spells.
The spell is very dangerous to cast!
Continue anyway?
Okay, then.
Casting: Fireball
Confirm with . or Enter, or press ? or * to list all spells.
The spell is very dangerous to cast!
Continue anyway?
Uppercase [Y]es or [N]o only, please.
The spell is very dangerous to cast!
Continue anyway?
Aiming: Fireball
Press: ? - help, Shift-Dir - straight line, f - centaur
Aim: a centaur, wielding a shortbow You miscast Fireball.
You are very lightly contaminated with residual magic.
There is a sudden explosion of magical energy!
The explosion engulfs you!
Ouch! That really hurt!
You die...

###.# ####(........... #.##
###.......... #..#
#....#....... ..
##.######.##.........
##..#####...........###.....
.....†.[....##...##.###<....
............................
.........c..#..####.#.......
#..#......#@..#####.#.......
#. #.#....##.(#.....÷.......
# #.#..c.....#.....÷.÷.....
# #........(.............
#....###........÷......
.......##............(..
.#.....(..............##
#... ##............#...
#.....#.............###.


You could see a centaur.

Vanquished Creatures
  An ogre (D:2)
  A howler monkey (D:4)
  A hound (D:4)
  An iguana (D:4)
  Robin (D:2)
  5 adders
  A gnoll (D:2)
  An ooze (D:3)
  2 worms
  4 dart slugs
  3 leopard geckos
  5 orcs
  14 bats
  3 giant cockroaches
  12 goblins
  12 hobgoblins
  8 jackals
  9 kobolds
  3 quokkas
  A ball python (D:3)
  4 frilled lizards
  7 rats
99 creatures vanquished.

Notes
Turn   | Place    | Note
-------+----------+-------------------------------------------
     0 | D:1      | McKennaii the Deep Elf Fire Elementalist began the quest for the Orb.
     0 | D:1      | Reached XP level 1. HP: 10/10 MP: 6/6
   204 | D:1      | Reached XP level 2. HP: 12/15 MP: 5/8
   740 | D:1      | Reached XP level 3. HP: 19/19 MP: 8/10
   964 | D:2      | Learned a level 2 spell: Throw Flame
   968 | D:2      | Learned a level 3 spell: Conjure Flame
   968 | D:2      | Found a snail-covered altar of Cheibriados.
  1233 | D:2      | Noticed Robin
  1371 | D:2      | Reached XP level 4. HP: 21/24 MP: 6/12
  1396 | D:2      | Found an iron altar of Okawaru.
  1479 | D:2      | Killed Robin
  1677 | D:2      | Noticed Sigmund
  1896 | D:3      | Found a faded altar of an unknown god.
  2000 | D:3      | You fall through a shaft for 2 floors!
  2000 | D:5      | Entered Level 5 of the Dungeon
  2017 | D:5      | Noticed a water moccasin
  2021 | D:4      | Noticed an ogre
  2244 | D:2      | Killed an ogre
  2244 | D:2      | Reached skill level 5 in Spellcasting
  2244 | D:2      | Reached XP level 5. HP: 28/28 MP: 5/14
  2251 | D:2      | Learned a level 5 spell: Fireball
  2333 | D:3      | Found an ancient bone altar of Kikubaaqudgha.
  2899 | D:4      | Reached skill level 5 in Fire Magic
  2905 | D:4      | Reached XP level 6. HP: 15/32 MP: 3/16
  3313 | D:4      | Killed by miscasting Fireball

Skill      XL: |  1  2  3  4  5  6 |
---------------+-------------------+-----
Fire Magic     | 4 5 |  5.4
Spellcasting   | 4 5 |  5.5
Conjurations   | 2 3 |  3.2
Dodging        | 3 |  3.4
Stealth        | 3 |  3.0

Action                   |  1- 3 |  4- 6 || total
-------------------------+-------+-------++-------
Melee: Unarmed           |     2 |     1 ||     3
 Cast: Flame Tongue      |    87 |   114 ||   201
       Throw Flame       |     2 |     3 ||     5
       Conjure Flame     |       |     3 ||     3
  Use: Scroll            |       |     2 ||     2
  Eat: Chunk             |     2 |     6 ||     8
Armor: Robe              |     6 |     7 ||    13
Dodge: Dodged            |    30 |    55 ||    85
